 Dungeon Crawl Stone Soup version 0.32-a0-172-gc5dd13f2a7 (webtiles) character file.

Game seed: 16898799355060242357

95 jasper the Shooter (level 4, -2/24 HPs)
             Began as a Deep Elf Hexslinger on Feb 12, 2024.
             Slain by a goblin
             ... wielding a +0 dagger
             ... led by Robin
              (5 damage)
             ... on level 3 of the Dungeon.
             The game lasted 00:02:35 (1976 turns).

jasper the Shooter (Deep Elf Hexslinger)            Turns: 1976, Time: 00:02:35

Health: -2/24      AC:  3    Str:  5    XL:     4   Next: 40%
Magic:  3/8        EV: 12    Int: 20    God:
Gold:   103        SH:  0    Dex: 17    Spells: 4/6 levels left

rFire   . . .        a - +1 sling (flame)
rCold   + . .        (no shield)
rNeg    . . .        f - +0 leather armour {rC+}
rPois   .            (no helmet)
rElec   .            (no cloak)
rCorr   .            (no gloves)
SInv    .            (no boots)
Will    .....        (no amulet)
Stlth   +            (no ring)
HPRegen 0.24/turn    (no ring)
MPRegen 0.11/turn

%: no passive effects
@: weak-willed, jinxed
A: no striking features
a: no special abilities


You were on level 3 of the Dungeon.
You visited 1 branch of the dungeon, and saw 3 of its levels.

You collected 103 gold pieces.

Inventory:

Hand Weapons
 a - a +1 sling of flaming (weapon)
Armour
 c - a +0 robe
 d - a +0 ring mail
 f - a +0 leather armour of cold resistance (worn)
Scrolls
 b - 2 scrolls of poison
Potions
 h - 3 potions of curing
 i - a potion of brilliance {unknown}
 k - a potion of berserk rage {unknown}
 l - a potion of heal wounds {unknown}
 m - 2 potions of haste {unknown}


   Skills:
 - Level 0.7 Fighting
 * Level 6.0 Ranged Weapons
 - Level 2.4 Dodging
 - Level 1.5 Spellcasting
 - Level 4.3 Hexes
 - Level 1.1 Fire Magic


You had 4 spell levels left.
You knew the following spells:

 Your Spells              Type           Power      Damage    Failure   Level
a - Jinxbite              Hex            36%        N/A       7%          2

Your spell library contained the following spells:

 Spells                   Type           Power      Damage    Failure   Level
 Slow                     Hex            72%        N/A       4%          1
 Confusing Touch          Hex            18%        N/A       14%         3
 Sigil of Binding         Hex            18%        N/A       14%         3
 Inner Flame              Hex/Fire       12%        N/A       26%         3
 Cause Fear               Hex            9%         N/A       43%         4
 Vampiric Draining        Necr           1%         2d6       63%         3
 Dimensional Bullseye     Hex/Tloc       5%         N/A       75%         4


Dungeon Overview and Level Annotations

Branches:
Dungeon (3/15)

Altars:

Annotations:
D:3 Robin


Message History

Press: ? - help, Q - select action, (/) - cycle Shift-Dir - straight line, f/p - Robin
Aim: Robin, wielding a +0 dagger, wearing a +1 animal skin, wearing a +2 helmet and carrying a wand of flame (heavily wounded, 69% to hit)
You shoot a sling bullet. The sling bullet barely misses Robin.
Fire: a) +1 sling (flame)
Press: ? - help, Q - select action, (/) - cycle Shift-Dir - straight line, f/p - Robin
Aim: Robin, wielding a +0 dagger, wearing a +1 animal skin, wearing a +2 helmet and carrying a wand of flame (heavily wounded, 69% to hit)
You shoot a sling bullet. The sling bullet barely misses Robin.
Robin roars a battlecry!
The goblin goes into a battle-frenzy!
Casting: Jinxbite (safe; 7% risk of failure)
Confirm with . or Enter, or press ? or * to list all spells.
You beckon some vexing sprites to accompany your attacks.
You feel your willpower being sapped. Robin throws the goblin at you!
Your magical contamination has completely faded away.
You now have 3/8 mp.
Fire: a) +1 sling (flame)
Press: ? - help, Q - select action, (/) - cycle Shift-Dir - straight line, f/p - Robin
Aim: Robin, wielding a +0 dagger, wearing a +1 animal skin, wearing a +2 helmet and carrying a wand of flame (heavily wounded, chance to call a sprite on attack: 60%, 69% to hit)
You shoot a sling bullet.
The sling bullet completely misses Robin.
The goblin closely misses you.
Fire: a) +1 sling (flame)
Press: ? - help, Q - select action, (/) - cycle Shift-Dir - straight line, f/p - Robin
Aim: Robin, wielding a +0 dagger, wearing a +1 animal skin, wearing a +2 helmet and carrying a wand of flame (heavily wounded, chance to call a sprite on attack: 60%, 69% to hit)
You shoot a sling bullet.
The sling bullet completely misses Robin.
The goblin closely misses you.
Robin zaps a wand.
The puff of flame hits you.
You take 5 damage, and have 11/24 hp.
MASSIVE DAMAGE!!
Fire: a) +1 sling (flame)
Press: ? - help, Q - select action, (/) - cycle Shift-Dir - straight line, f/p - Robin
Aim: Robin, wielding a +0 dagger, wearing a +1 animal skin, wearing a +2 helmet and carrying a wand of flame (heavily wounded, chance to call a sprite on attack: 60%, 69% to hit)
You shoot a sling bullet.
The sling bullet hits Robin but does no damage.
Robin is heavily wounded.
A giggling sprite leaps out and bonks Robin with its +0 dagger.
Robin is almost dead.
Robin zaps a wand.
The puff of flame hits you!
* * * LOW HITPOINT WARNING * * *
The goblin hits you with a +0 dagger.
You die...

................
#...#......>.....
##.#.......†......
#..#..............
#####.................
#.....................
#.###....†......$.....
#.# #...###...g....)..
#.# #...# ##..@..).)..
###.###...# ##..g......
........### ........)..
...........>....$....)..
..............##......".
...(..........##........
..............####......
.############## ######
..##


You could see Robin (very drained) and a goblin (strong).

Vanquished Creatures
  Natasha (D:3)
  2 dart slugs (D:1)
  8 ball pythons
  3 endoplasms
  5 giant cockroaches
  10 goblins
  8 hobgoblins
  5 jackals
  5 kobolds (D:1)
  2 quokkas (D:2)
  3 bats
  2 frilled lizards (D:1)
  3 rats
57 creatures vanquished.

Notes
Turn   | Place    | Note
-------+----------+-------------------------------------------
     0 | D:1      | jasper the Deep Elf Hexslinger began the quest for the Orb.
     0 | D:1      | Reached XP level 1. HP: 11/11 MP: 5/5
   123 | D:1      | Reached skill level 3 in Ranged Weapons
   191 | D:1      | Reached XP level 2. HP: 14/16 MP: 6/6
   194 | D:1      | Learned a level 2 spell: Jinxbite
   288 | D:1      | Reached skill level 4 in Ranged Weapons
   531 | D:1      | Reached XP level 3. HP: 20/20 MP: 4/7
  1153 | D:2      | Reached skill level 5 in Ranged Weapons
  1918 | D:3      | Noticed Natasha
  1923 | D:3      | Killed Natasha
  1924 | D:3      | Reached XP level 4. HP: 24/24 MP: 5/8
  1962 | D:3      | Reached skill level 6 in Ranged Weapons
  1966 | D:3      | Noticed Robin
  1976 | D:3      | Slain by a goblin

Illustrated notes

Levels and vault maps discovered:
D:1:      heliophobic_arrival_glass_houses, layout_loops_cross
D:2:      layout_loops_corners
D:3:      layout_rooms, serial_shops, nicolae_shop_hallway_stairs,
          nicolae_shop_tiny_waterfront, nicolae_shop_hallway_plus,
          grunt_ministairs_9, uniq_natasha, uniq_grinder,
          uniq_crazy_yiuf_cottage, uniq_robin

Skill      XL: |  1  2  3  4 |
---------------+-------------+-----
Ranged Weapons | 3 4 5 6 |  6.0
Fighting       | |  0.7
Dodging        | |  2.4
Spellcasting   | |  1.5
Hexes          | |  4.3
Fire Magic     | |  1.1

Action                     |  1- 3 |  4- 6 || total
---------------------------+-------+-------++-------
   Fire: Sling             |    97 |    22 ||   119
   Cast: Jinxbite          |    12 |     2 ||    14
    Use: Scroll            |     5 |       ||     5
 Armour: Leather armour    |    10 |     5 ||    15
  Dodge: Dodged            |    18 |     4 ||    22

Table legend: (Time is in decaauts)
 A = Elapsed time spent in this place.
 B = Non-inter-level travel time spent in this place.
 C = Inter-level travel time spent in this place.
 D = Time resting spent in this place.
 E = Time spent auto-exploring this place.
 F = Levels seen in this place.
 G = Mean time per level.
                   A        B        C        D        E       F      G
               +--------+--------+--------+--------+--------+-----+--------+
         Total |   2004 |   1908 |     96 |     30 |   1616 |   3 |  668.0 |
       Dungeon |   2004 |   1908 |     96 |     30 |   1616 |   3 |  668.0 |
               +--------+--------+--------+--------+--------+-----+--------+

Top non-repeatable levels by time:
     D:1: 967 daAuts
     D:2: 937 daAuts
     D:3: 99 daAuts
